 Dungeon Crawl Stone Soup version 0.31.0-2-g5a2aebc5c2 (webtiles) character file.

Game seed: 1369578041805898142

93 gelatine the Firebug (level 4, 0/31 HPs)
             Began as a Demonspawn Fire Elementalist on Jan 20, 2024.
             Slain by a gnoll
             ... wielding a +0 whip
              (4 damage)
             ... on level 2 of the Dungeon.
             The game lasted 00:04:05 (1491 turns).

gelatine the Firebug (Demonspawn Fire Elementalist) Turns: 1491, Time: 00:04:06

Health: 0/31       AC:  2    Str:  9    XL:     4   Next: 36%
Magic:  2/7        EV: 12    Int: 17    God:
Gold:   110        SH:  0    Dex: 17    Spells: 7/8 levels left

rFire   . . .        f - +1 dagger (venom)
rCold   . . .        (no shield)
rNeg    . . .        a - +0 robe
rPois   .            (no helmet)
rElec   .            (no cloak)
rCorr   .            (no gloves)
SInv    .            (no boots)
Will    .....        (no amulet)
Stlth   ++++         (no ring)
HPRegen 0.25/turn    (no ring)
MPRegen 0.10/turn

%: no passive effects
@: no status effects
A: hooves 1, thin skeletal structure 2
a: no special abilities


You were on level 2 of the Dungeon.
You visited 1 branch of the dungeon, and saw 2 of its levels.

You collected 110 gold pieces.

Inventory:

Hand Weapons
 d - a +0 short sword
 e - a +4 spear
 f - a +1 dagger of venom (weapon)
Missiles
 k - a throwing net
Armour
 a - a +0 robe (worn)
Scrolls
 c - a scroll of blinking {unknown}
 g - a scroll of torment {unknown}
 h - a scroll of identify {unknown}
 i - a scroll of teleportation {unknown}
Potions
 b - a potion of magic
 j - 2 potions of degeneration {unknown}


   Skills:
 + Level 0.6 Fighting
 + Level 0.2 Polearms
 + Level 2.1 Dodging
 + Level 2.1 Stealth
 + Level 2.6 Spellcasting
 + Level 2.0 Conjurations
 + Level 3.4 Fire Magic


You had 7 spell levels left.
You knew the following spells:

 Your Spells              Type           Power      Damage    Failure   Level
a - Foxfire               Conj/Fire      44%        2x1d6     6%          1

Your spell library contained the following spells:

 Spells                   Type           Power      Damage    Failure   Level
 Scorch                   Fire           26%        2d6       7%          2
 Inner Flame              Hex/Fire       8%         N/A       26%         3
 Volatile Blastmotes      Fire/Tloc      16%        2d11      26%         3
 Flame Wave               Conj/Fire      11%        2d6       52%         4


Dungeon Overview and Level Annotations

Branches:
Dungeon (2/15)

Altars:
Okawaru


Innate Abilities, Weirdness & Mutations

You have large cloven feet.
You have a moderately thin skeletal structure. (Dex +4, Stealth++)


Message History

The foxfire hits the gnoll.
The gnoll is heavily wounded.
You conjure some foxfire!
The gnoll hits you from afar with a +0 spear.
The foxfire hits the gnoll.
The gnoll is severely wounded.
The gnoll barely misses you. The gnoll hits you with a +0 spear.
You barely miss the gnoll. Your kick misses the gnoll.
The gnoll is severely wounded.
The gnoll hits you with a +0 spear.
You closely miss the gnoll.
The gnoll is severely wounded.
The gnoll hits you with a +0 spear.
You hit the gnoll.
The gnoll is poisoned.
The gnoll is severely wounded.
The gnoll closely misses you.
You barely miss the gnoll. You kick the gnoll.
The gnoll is almost dead.
You kill the gnoll!
Your Conjurations skill increases to level 2!
You closely miss the gnoll. You kick the gnoll.
The gnoll is lightly wounded.
The gnoll hits you with a +0 whip.
* * * LOW HITPOINT WARNING * * *
You barely miss the gnoll. You kick the gnoll.
The gnoll is lightly wounded.
The gnoll closely misses you.
You completely miss the gnoll.
The gnoll is lightly wounded.
The gnoll hits you with a +0 whip.
* * * LOW HITPOINT WARNING * * *
You closely miss the gnoll. You kick the gnoll.
The gnoll is heavily wounded.
The gnoll barely misses you.
Unknown command.
You hit the gnoll. You kick the gnoll, but do no damage.
The gnoll is heavily wounded.
The gnoll hits you with a +0 whip.
You die...

######### ########## ........#
#.........
.......g##############.........
......g.##...g@.............†..
........#)...####.♣♣##♣♣#.♣##.#
♣...#♣..##♣ ♣♣♣♣♣♣♣.♣♣#..
♣..♣###♣♣..♣P ♣........♣♣♣.
♣..♣ ♣.♣.P♣.♣♣P....♣.♣.♣♣. ♣P.♣
♣.♣♣♣...♣.....♣..♣#. .P.♣
♣.♣.♣♣♣P♣P.....♣.♣##. ♣♣..
♣.♣.♣.♣♣♣.P...♣♣♣♣. #. ♣b
♣.♣.♣.♣.♣.........♣.♣♣.


You could see a gnoll.

Vanquished Creatures
  5 gnolls (D:2)
  An adder (D:2)
  2 dart slugs
  4 ball pythons
  A bat (D:1)
  4 endoplasms
  A goblin (D:1)
  5 hobgoblins
  3 jackals (D:1)
  A frilled lizard (D:1)
  3 kobolds
30 creatures vanquished.

Vanquished Creatures (collateral kills)
  5 foxfires (D:2)
5 creatures vanquished.

Vanquished Creatures (others)
  127 foxfires
127 creatures vanquished.

Grand Total: 162 creatures vanquished

Notes
Turn   | Place    | Note
-------+----------+-------------------------------------------
     0 | D:1      | gelatine the Demonspawn Fire Elementalist began the quest
                  | for the Orb.
     0 | D:1      | Reached XP level 1. HP: 13/13 MP: 3/3
   369 | D:1      | Gained mutation: You have a somewhat thin skeletal
                  | structure. (Dex +2, Stealth+) [demonic ancestry]
   369 | D:1      | Reached XP level 2. HP: 18/20 MP: 5/5
   371 | D:1      | Reached skill level 3 in Fire Magic
  1022 | D:2      | Found an iron altar of Okawaru.
  1166 | D:2      | Gained mutation: You have a moderately thin skeletal
                  | structure. (Dex +4, Stealth++) [demonic ancestry]
  1166 | D:2      | Reached XP level 3. HP: 25/25 MP: 1/6
  1354 | D:2      | Gained mutation: You have large cloven feet. [demonic
                  | ancestry]
  1354 | D:2      | Reached XP level 4. HP: 26/31 MP: 0/7
  1491 | D:2      | Slain by a gnoll

Illustrated notes

Levels and vault maps discovered:
D:1:      wander_arrival_estate, layout_basic
D:2:      wad_woods_pond, layout_basic, basic_altar

Skill      XL: |  1  2  3  4 |
---------------+-------------+-----
Fire Magic     | 3 |  3.4
Dodging        | 2 |  2.1
Stealth        | 2 |  2.1
Conjurations   | 2 |  2.0
Fighting       | |  0.6
Polearms       | |  0.2
Spellcasting   | |  2.6

Action                     |  1- 3 |  4- 6 || total
---------------------------+-------+-------++-------
  Melee: Spear             |     9 |       ||     9
         Short sword       |     1 |       ||     1
         Unarmed           |     1 |       ||     1
         Dagger            |       |     9 ||     9
         Kick              |       |     5 ||     5
   Cast: Foxfire           |    64 |    10 ||    74
 Armour: Robe              |     7 |     7 ||    14
  Dodge: Dodged            |     8 |     4 ||    12
